 Dungeon Crawl Stone Soup version 0.17-a0-2208-ge5ab1d3 (webtiles) character file.

37 Ijustatesigmund the Sneak (level 3, 0/21 HPs)
             Began as an Octopode Wizard on Oct 26, 2015.
             Succumbed to an adder's poison
             ... on level 1 of the Dungeon.
             The game lasted 00:05:35 (1315 turns).

Ijustatesigmund the Sneak (Octopode Wizard)         Turns: 1315, Time: 00:05:35

Health: 0/21       AC:  1    Str:  6    XL:     3   Next: 39%
Magic:  2/7        EV: 11    Int: 21    God:
Gold:   49         SH:  6    Dex: 10    Spells: 3 memorised, 3 levels left

rFire  . . .     SeeInvis .     j - +2 short sword (flame)
rCold  . . .     Clarity  .     d - +3 buckler
rNeg   . . .     SustAt   .     a - +0 hat
rPois  .         Gourm    .     (no amulet)
rElec  .         Spirit   .     (no ring)
rCorr  .         Warding  .     (no ring)
rMut   .         Stasis   .     (no ring)
MR     .....                    (no ring)
Stlth  +++.......               (no ring)
                                (no ring)
                                (no ring)
                                (no ring)

@: lethally poisoned (0 -> -3), repel missiles, not resistant to hostile
enchantments, fairly stealthy
A: almost no armour, amphibious, 8 rings, constrict 8, camouflage 1, gelatinous
body 1
a: no special abilities


You were on level 1 of the Dungeon.
You were not hungry.

You visited 1 branch of the dungeon, and saw 2 of its levels.

You collected 49 gold pieces.

Inventory:

Hand Weapons
 j - a +2 short sword of flaming (weapon)
Armour
 a - a +0 hat (worn)
 d - a +3 buckler (worn)
Scrolls
 e - 2 scrolls of random uselessness
 f - 2 scrolls of teleportation
Books
 b - a book of Minor Magic

   Spells                             Type                      Level
   a - Magic Dart                     Conjuration                  1
   b - Blink                          Translocation                2
   c - Call Imp                       Summoning                    2
   d - Repel Missiles                 Charms/Air                   2
   e - Slow                           Hexes                        2
   f - Conjure Flame                  Conjuration/Fire             3
   g - Mephitic Cloud                 Conjuration/Poison/Air       3
Comestibles
 c - a bread ration
 i - a meat ration


   Skills:
 - Level 2.0 Dodging
 + Level 3.8 Stealth
 + Level 1.3 Shields
 - Level 3.0 Spellcasting
 + Level 2.0 Conjurations
   Level 1.0 Summonings
 - Level 1.0 Translocations


You had 3 spell levels left.
You knew the following spells:

 Your Spells              Type           Power        Failure   Level  Hunger
a - Magic Dart            Conj           ##..         10%         1    None
b - Blink                 Tloc           N/A          21%         2    ##.....
c - Repel Missiles        Chrm/Air       #.....       30%         2    ##.....


Dungeon Overview and Level Annotations

Branches:
Dungeon (2/15)

Altars:


Innate Abilities, Weirdness & Mutations

You cannot wear most types of armour.
You are amphibious.
You can wear up to eight rings at the same time.
You can use your tentacles to constrict eight enemies at once.
Your skin changes colour to match your surroundings (Stealth).
Your rubbery body absorbs attacks (AC +1).


Message History

You hear the distant roaring of an enraged wumpus.
It was a scroll of random uselessness.
Read which item? (? for menu, Esc to quit)
As you read the scroll labeled MYKEOGH MUITU, it crumbles to dust.
It is a scroll of enchant armour.
Enchant which item? (? for menu, Esc to quit)
Your +2 buckler glows green for a moment.
Read which item? (? for menu, Esc to quit)
As you read the scroll labeled KYEMOCUICE, it crumbles to dust.
You hear a loud clanging noise!
It was a scroll of noise.
* * * LOW HITPOINT WARNING * * *
You feel sick.
Read which item? (? for menu, Esc to quit)
As you read the scroll labeled URAOM FODO, it crumbles to dust.
It is a scroll of identify.
You don't have any unidentified items.
Your surroundings suddenly seem different.
Unknown command.
You die...

#.......# #########
#.####### #.......# #.#
#.#####.###.####### #.#
#.............#
######.###.#.###.#####.#
#.......##.#.##...## #.#
#.###..)...#.#.....#
#†#####
#..........@.##...##
#......
#####.##########.##
####### #.# #.# # #.# #.#
##### #.# ##'## #.... #.#
##...## #.### #.##
##.....## #.### ###..##
##....)..## #....
#.....####.........###....


There were no monsters in sight!

Vanquished Creatures
  An adder (D:1)
  2 ball pythons (D:1)
  5 goblins (D:1)
  4 hobgoblins (D:1)
  4 kobolds
  A giant cockroach (D:1)
  2 giant geckos (D:1)
  3 giant newts (D:1)
  4 rats (D:1)
26 creatures vanquished.

Notes
Turn   | Place    | Note
--------------------------------------------------------------
     0 | D:1      | Ijustatesigmund the Octopode Wizard began the quest for the Orb.
     0 | D:1      | Reached XP level 1. HP: 11/11 MP: 4/4
     2 | D:1      | Noticed an ogre
     2 | D:1      | Noticed a merfolk
     5 | D:1      | Noticed a human
     5 | D:1      | Noticed a demonspawn
     7 | D:1      | Noticed a dwarf
     9 | D:1      | Noticed a felid
    11 | D:1      | Noticed a gargoyle
    11 | D:1      | Noticed a minotaur
    13 | D:1      | Noticed a troll
    15 | D:1      | Noticed a demigod
    15 | D:1      | Noticed a centaur
    17 | D:1      | Noticed a ghoul
    17 | D:1      | Noticed a spriggan
    19 | D:1      | Noticed a draconian
    19 | D:1      | Noticed a naga
    21 | D:1      | Noticed an elf
    21 | D:1      | Noticed a vine stalker
    23 | D:1      | Noticed a vampire
    23 | D:1      | Noticed a tengu
    27 | D:1      | Noticed an octopode
    27 | D:1      | Noticed a formicid
   513 | D:1      | Reached XP level 2. HP: 17/17 MP: 0/6
   517 | D:1      | Learned a level 2 spell: Blink
   520 | D:1      | Learned a level 2 spell: Repel Missiles
  1107 | D:1      | Reached skill level 1 in Shields
  1262 | D:1      | Reached XP level 3. HP: 21/21 MP: 7/7
  1311 | D:1      | HP: 1/21 [poisoned by an adder]
  1315 | D:1      | Succumbed to an adder's poison

Vault maps used:
D:1:      kb_arrival_jail
D:2:      nemelex_deck, minivault_27, grunt_decor_one_mirror, uniq_sigmund

Action                   || total
-------------------------++-------
Melee: Unarmed           ||    14
       Short sword       ||    18
 Cast: Magic Dart        ||    38
       Repel Missiles    ||     1
       Blink             ||     1
  Use: Scroll            ||     5
 Stab: Sleeping          ||     1
  Eat: Chunk             ||     1
